 Dungeon Crawl Stone Soup version 0.30-a0-170-g85af917532 (webtiles) character file.

Game seed: 7580221204614641858

888 jlumianski the Chopper (level 7, -5/53 HPs)
             Began as a Demonspawn Gladiator on Sept 30, 2022.
             Was an Initiate of Qazlal.
             Slain by Maggie
             ... wielding a +0 war axe of draining
              (13 damage)
             ... on level 6 of the Dungeon.
             The game lasted 00:21:05 (6019 turns).

jlumianski the Chopper (Demonspawn Gladiator)       Turns: 6019, Time: 00:21:08

Health: -5/53      AC:  7    Str: 16    XL:     7   Next: 77%
Magic:  7/7        EV: 18    Int: 10    God:    Qazlal [......]
Gold:   141        SH:  0    Dex: 14    Spells: 6/6 levels left

rFire   . . .      SeeInvis .    a - +0 war axe
rCold   . . .      Faith    .    (no shield)
rNeg    . . .      Spirit   .    b - +0 leather armour
rPois   .          Reflect  .    c - +0 helmet
rElec   .          Harm     .    (no cloak)
rCorr   .          Rampage  .    (no gloves)
Will    .....                    f - +0 pair of boots
Stlth   ++........               (no amulet)
HPRegen 0.17/turn                (no ring)
MPRegen 0.10/turn                (no ring)

@: agile
A: slimy green scales 1, powered by pain 1, weakness stinger 2
a: Renounce Religion


You were on level 6 of the Dungeon.
You worshipped Qazlal.
Qazlal was noncommittal.
You visited 2 branches of the dungeon, and saw 7 of its levels.

You collected 141 gold pieces.

Inventory:

Hand Weapons
 a - a +0 war axe (weapon)
 e - a +2 flail of draining
Missiles
 d - 3 throwing nets
 o - a poisoned dart
 s - 5 javelins (quivered)
Armour
 b - a +0 leather armour (worn)
 c - a +0 helmet (worn)
 f - a +0 pair of boots (worn)
Jewellery
 y - a ring of protection from fire
Wands
 v - a wand of light (1)
 w - a wand of digging (5)
Scrolls
 h - 2 scrolls of fear
 k - 3 scrolls of butterflies
 m - a scroll of teleportation
 n - a scroll of summoning
 t - a scroll of amnesia
 u - a scroll of poison
 B - a scroll of enchant armour {unknown}
Potions
 g - a potion of mutation
 i - 2 potions of invisibility
 j - a potion of magic
 l - a potion of cancellation
 p - 2 potions of flight
 q - 3 potions of ambrosia
 r - a potion of resistance
 x - a potion of might {unknown}
 z - 2 potions of lignification {unknown}
 A - a potion of heal wounds {unknown}


   Skills:
 + Level 3.8 Fighting
 + Level 6.2 Axes
 + Level 2.3 Throwing
 + Level 2.5 Armour
 + Level 4.1 Dodging
 + Level 1.3 Stealth
 * Level 0.4 Invocations
 - Level 0.4 Evocations


You had 6 spell levels left.
You didn't know any spells.
Your spell library contained the following spells:

 Spells                   Type           Power      Damage    Failure   Level
 Apportation              Tloc           0%         N/A       41%         1
 Ensorcelled Hibernation  Hex/Ice        0%         N/A       56%         2
 Passwall                 Tmut/Erth      0%         N/A       56%         2
 Swiftness                Air            0%         N/A       80%         3
 Passage of Golubria      Tloc           0%         N/A       99%         4
 Alistair's Intoxication  Tmut/Pois      0%         N/A       100%        5
 Silence                  Hex/Air        0%         N/A       100%        5
 Lehudib's Crystal Spear  Conj/Erth      0%         10d2      100%        8


Dungeon Overview and Level Annotations

Branches:
Dungeon (6/15)             Temple (1/1) D:5

Altars:
Ashenzari
Gozag
Hepliaklqana
Kikubaaqudgha
Qazlal
Trog
Vehumet
Wu Jian
Yredelemnul

Shops:
D:3 :

Annotations:
D:4 2 transporters, osoart's ghost, amateur VSBr
D:6 Maggie


Innate Abilities, Weirdness & Mutations

You are partially covered in slimy green scales. (AC +2)
You sometimes gain a little power by taking damage.
You have a tail ending in a sharp stinger.


Message History

Maggie is heavily wounded.
The gnoll hits you from afar with a +0 spear.
Maggie casts a spell at you. The bolt of fire misses you.
You catch the helpless Maggie completely off-guard!
You hit Maggie but do no damage. Your punch misses Maggie.
Maggie is heavily wounded.
The gnoll closely misses you. Maggie misses you.
You barely miss Maggie.
Your tail-slap misses Maggie.
Maggie is heavily wounded.
Maggie gestures wildly while chanting.
The gnoll hits you from afar with a +0 spear.
You closely miss Maggie.
Your tail-slap misses Maggie.
Maggie is heavily wounded.
Maggie misses you.
The gnoll hits you from afar with a +0 spear.
Aiming: Bolt of Light
Press: ? - help, Shift-Dir - straight line, f/p - Maggie
Aim: Maggie, wielding a +0 war axe of draining and wearing +0 swamp dragon scales (heavily wounded, blind, 75% to hit)
The bolt of light hits Maggie!
Maggie is severely wounded.
The bolt of light misses the gnoll.
The bolt of light hits the gnoll!
You kill the gnoll!
Qazlal accepts your kill.
You hear a shout!
Maggie misses you. The gnoll barely misses you.
An orc wizard comes into view. It is wielding a +0 dagger.
You hear a shout!
Throw: 6 javelins
Press: ? - help, Q - select action, (/) - cycle Shift-Dir - straight line, f/p - Maggie
Aim: Maggie, wielding a +0 war axe of draining and wearing +0 swamp dragon scales (severely wounded, blind, 64% to hit)
You throw a javelin. The javelin barely misses Maggie.
The javelin pierces through the gnoll.
The gnoll is heavily wounded.
Maggie points at you and mumbles some strange words.
The bolt of fire hits you!
* * * LOW HITPOINT WARNING * * *
The gnoll closely misses you. x2
Maggie hits you with a +0 war axe of draining!
You die...

## #########
#.# ##........
#..##
##.########
#..[ ##.## #..
##..# #.###
###..##
#...######....#
#(..gg@@....###
#..o.########
#..### #..#
#..# # ...# #
#..g# # #....#
# ...## #


You could see Maggie (blind), an orc wizard and 2 gnolls.

Vanquished Creatures
  Eustachio (D:4)
  A black bear (D:5)
  An ogre (D:5)
  A centaur (D:5)
  A scorpion (D:5)
  A bullfrog zombie (D:5)
  A hound (D:4)
  A jelly (D:5)
  A gnoll bouda (D:5)
  Jessica (D:3)
  An iguana (D:5)
  An orc wizard (D:4)
  Robin (D:3)
  6 gnolls
  6 adders
  A shadow imp (D:5)
  A white imp (D:4)
  An adder zombie (D:5)
  A worm (D:2)
  A dart slug (D:2)
  9 orcs
  7 ball pythons
  4 endoplasms
  3 giant cockroaches
  15 goblins
  4 hobgoblins
  2 quokkas
  7 bats
  A frilled lizard (D:2)
  5 kobolds
  5 rats
92 creatures vanquished.

Notes
Turn   | Place    | Note
-------+----------+-------------------------------------------
     0 | D:1      | jlumianski the Demonspawn Gladiator began the quest for the
                  | Orb.
     0 | D:1      | Reached XP level 1. HP: 16/16 MP: 1/1
   126 | D:1      | Found a faded altar of an unknown god.
   255 | D:1      | Gained mutation: You are partially covered in slimy green
                  | scales. (AC +2) [demonic ancestry]
   255 | D:1      | Reached XP level 2. HP: 22/22 MP: 2/2
   657 | D:2      | Reached skill level 3 in Axes
  1105 | D:2      | Gained mutation: You have a small tail. [demonic ancestry]
  1105 | D:2      | Reached XP level 3. HP: 26/27 MP: 3/3
  1646 | D:2      | You fall into a shaft and drop 1 floor!
  1855 | D:3      | Reached skill level 1 in Armour
  1855 | D:3      | Gained mutation: You sometimes gain a little power by
                  | taking damage. [demonic ancestry]
  1855 | D:3      | Reached XP level 4. HP: 34/34 MP: 4/4
  2232 | D:3      | Noticed Jessica
  2246 | D:3      | Killed Jessica
  2469 | D:3      | Noticed Robin
  2484 | D:3      | Killed Robin
  2714 | D:3      | Reached skill level 4 in Axes
  2714 | D:3      | Reached XP level 5. HP: 39/39 MP: 5/5
  2750 | D:3      | Found Puesargh's Book Shoppe.
  2872 | D:4      | Noticed osoart's ghost (amateur VSBr)
  2872 | D:4      | Noticed an ogre
  2872 | D:4      | Found a transporter.
  3237 | D:5      | Entered Level 5 of the Dungeon
  3527 | D:4      | Noticed Eustachio
  3540 | D:4      | Killed Eustachio
  3541 | D:4      | Gained mutation: You have a tail ending in a sharp stinger.
                  | [demonic ancestry]
  3541 | D:4      | Reached XP level 6. HP: 36/47 MP: 6/6
  3795 | D:4      | Reached skill level 1 in Stealth
  4161 | D:4      | Found a transporter.
  4295 | D:4      | Reached skill level 5 in Axes
  4543 | D:5      | Reached XP level 7. HP: 24/52 MP: 7/7
  4784 | D:5      | Found a basalt altar of Yredelemnul.
  4874 | D:5      | Found a staircase to the Ecumenical Temple.
  4884 | Temple   | Entered the Ecumenical Temple
  4930 | Temple   | Became a worshipper of Qazlal Stormbringer
  5447 | D:5      | Reached skill level 6 in Axes
  5637 | D:6      | Noticed Maggie
  6019 | D:6      | Slain by Maggie

Illustrated notes

Levels and vault maps discovered:
D:1:      dpeg_arrival_concentric_ovals, layout_rooms,
          hellmonk_ecumenical_altar_defaced_shrine, minmay_statues_item,
          minmay_misc_feat_enclosed
D:2:      layout_loops_corners
D:3:      layout_loops_corners, serial_shops, nicolae_shop_hallway_stairs,
          uniq_robin, uniq_jessica
D:4:      layout_loops_ring, gammafunk_ghost_smash, uniq_eustachio
D:5:      wander_river, layout_basic, lemuel_zombie_altar_yredelemnul,
          minmay_temple_entry_waves
D:6:      layout_layer_cave, nicolae_ru_awakened_eye, uniq_maggie
Temple:   nicolae_temple_bog_church

Skill      XL: |  1  2  3  4  5  6  7 |
---------------+----------------------+-----
Dodging        | 3 4 |  4.1
Axes           | 3 4 5 6 |  6.2
Armour         | 1 2 |  2.5
Fighting       | 3 |  3.8
Throwing       | 2 |  2.3
Stealth        | 1 |  1.3
Invocations    | |  0.4
Evocations     | |  0.4

Action                   |  1- 3 |  4- 6 |  7- 9 || total
-------------------------+-------+-------+-------++-------
Melee: War axe           |   111 |   138 |    50 ||   299
       Tailslap          |     5 |    25 |     8 ||    38
       Punch             |       |     2 |       ||     2
Throw: Javelin           |     2 |     4 |     3 ||     9
       Dart              |       |     7 |     3 ||    10
Evoke: Wand              |       |     1 |     2 ||     3
  Use: Scroll            |       |    13 |     1 ||    14
 Stab: Sleeping          |       |     2 |       ||     2
       Invisible         |       |       |     2 ||     2
Armor: Leather armour    |    52 |    45 |    21 ||   118
Dodge: Dodged            |    93 |   114 |    72 ||   279

Table legend: (Time is in decaauts)
 A = Elapsed time spent in this place.
 B = Non-inter-level travel time spent in this place.
 C = Inter-level travel time spent in this place.
 D = Time resting spent in this place.
 E = Time spent auto-exploring this place.
 F = Levels seen in this place.
 G = Mean time per level.
                   A        B        C        D        E       F      G
               +--------+--------+--------+--------+--------+-----+--------+
         Total |   6153 |   6069 |     84 |   1122 |   3108 |   7 |  879.0 |
       Dungeon |   6073 |   5989 |     84 |   1122 |   3108 |   6 | 1012.2 |
        Temple |     79 |     79 |      0 |      0 |      0 |   1 |   79.0 |
               +--------+--------+--------+--------+--------+-----+--------+

Top non-repeatable levels by time:
     D:5: 1617 daAuts
     D:2: 1305 daAuts
     D:3: 1248 daAuts
     D:4: 1241 daAuts
     D:1: 580 daAuts
     D:6: 81 daAuts
  Temple: 79 daAuts
